 Dungeon Crawl Stone Soup version 0.26-a0-651-gb41185065b (webtiles) character file.

Game seed: 5588033309972476680

272174 raph the Hoplite (level 19, -4/166 HPs)
             Began as a Minotaur Gladiator on Oct 29, 2020.
             Was a High Priest of Okawaru.
             Slain by a stone giant (24 damage)
             ... while paralysed by a great orb of eyes
             ... on level 3 of the Vaults.
             The game lasted 01:57:23 (50621 turns).

raph the Hoplite (Minotaur Gladiator)              Turns: 50621, Time: 01:57:23

Health: -4/166     AC: 27    Str: 20    XL:     19   Next: 85%
Magic:  22/22      EV:  2    Int:  9    God:    Okawaru [*****.]
Gold:   1304       SH:  0    Dex: 19    Spells: 17/18 levels left

rFire    . . .     SeeInvis +   a - +8 morningstar (vorpal)
rCold    + + +     Faith    .   s - +2 tower shield
rNeg     . . .     Spirit   .   o - +0 ice dragon scales
rPois    +         Reflect  +   L - +3 hat of the Evening Star {*Drain rElec rCorr Int+4}
rElec    +         Harm     .   A - +2 cloak {rCorr}
rCorr    +         Rampage  .   n - +1 pair of gloves
MR       ++...                  N - +1 pair of boots
Stlth    ++++......             X - amulet of reflection
HPRegen  0.37/turn              u - ring "Tymugig" {+Blink rPois SInv}
MPRegen  0.18/turn              I - ring of Peinlidir {rF+ rC++ MR+ Stlth+}

@: paralysed, heroism, slowed
A: retaliatory headbutt, horns 2, cold resistance 1, low mp 1, wild magic 1
}: 1/15 runes: barnacled
a: Heroism, Finesse, Renounce Religion, Evoke Blink


You were on level 3 of the Vaults.
You worshipped Okawaru.
Okawaru was extremely pleased with you.
You visited 7 branches of the dungeon, and saw 35 of its levels.
You visited the Abyss 1 time.
You also visited: Bailey and Ice Cave.

You collected 3911 gold pieces.
You spent 2607 gold pieces at shops.

Inventory:

Hand Weapons
 a - a +8 vorpal morningstar (weapon)
 b - a +7 hand crossbow
 D - a +4 hand crossbow of freezing
Missiles
 t - 102 silver javelins (quivered)
 S - 518 bolts
Armour
 n - a +1 pair of gloves (worn)
 o - +0 ice dragon scales (worn)
 s - a +2 tower shield (worn)
 A - a +2 cloak of preservation (worn)
 J - a +2 plate armour of fire resistance
 L - the +3 hat of the Evening Star (worn) {*Drain rElec rCorr Int+4}
   (You acquired it on level 10 of the Dungeon)

   It affects your intelligence (+4).
   It insulates you from electricity.
   It provides partial protection from all sources of acid and corrosion.
   It causes draining when unequipped.
 N - a +1 pair of boots (worn)
Jewellery
 d - an uncursed amulet of regeneration
 u - the ring "Tymugig" (left hand) {+Blink rPois SInv}
   (You bought it in a shop on level 2 of the Orcish Mines)

   [ring of see invisible]

   It protects you from poison.
   It lets you see invisible.
   It lets you blink.
 I - the ring of Peinlidir (right hand) {rF+ rC++ MR+ Stlth+}
   (You found it on level 4 of the Shoals)

   [ring of stealth]

   It protects you from fire.
   It greatly protects you from cold.
   It affects your resistance to hostile enchantments.
   It makes you more stealthy.
 K - the ring of Esanaur {rElec MP+9 Dex+6}
   (You took it off a merfolk siren on level 4 of the Shoals)

   [ring of magical power]

   It affects your dexterity (+6).
   It insulates you from electricity.
   It affects your magic capacity (+9).
 X - an amulet of reflection (around neck)
Wands
 l - a wand of acid (26)
 m - a wand of polymorph (34)
 x - a wand of random effects (17)
 y - a wand of disintegration (13)
 B - a wand of iceblast (9)
 C - a wand of digging (11)
 Z - a wand of flame (25)
Scrolls
 c - 3 scrolls of magic mapping
 f - a scroll of fear
 h - 7 scrolls of teleportation
 q - 7 scrolls of amnesia
 r - 21 scrolls of identify
 z - 2 scrolls of blinking
 G - a scroll of silence
 Q - 4 scrolls of holy word
 V - 12 scrolls of remove curse
Potions
 e - 15 potions of curing
 g - 4 potions of brilliance
 j - 4 potions of lignification
 k - 3 potions of might
 p - 4 potions of stabbing
 v - 11 potions of ambrosia
 w - a potion of resistance
 E - 3 potions of flight
 F - 2 potions of mutation
 H - a potion of magic
 W - 3 potions of cancellation
Miscellaneous
 i - a tin of tremorstones (3/3)
 M - a phial of floods
 T - a box of beasts (3/3)


   Skills:
 + Level 13.9(18.9) Fighting
 + Level 15.0(20.0) Maces & Flails
 - Level 10.0(15.0) Crossbows
 - Level 2.0(7.0) Throwing
 + Level 10.1(15.1) Armour
 + Level 16.7(21.7) Dodging
 - Level 3.9(8.9) Stealth
 - Level 25.0(27) Shields
 - Level 9.0 Invocations
 - Level 7.1 Evocations


You had 17 spell levels left.
You knew the following spells:

 Your Spells              Type           Power        Failure   Level
a - Apportation           Tloc           #.....       77%         1

Your spell library contained the following spells:

 Spells                   Type           Power        Failure   Level
 Animate Skeleton         Necr           #.....       77%         1
 Corona                   Hex            #......      77%         1
 Foxfire                  Conj/Fire      #...         77%         1
 Freeze                   Ice            #...         77%         1
 Magic Dart               Conj           #...         77%         1
 Shock                    Conj/Air       #...         77%         1
 Sting                    Tmut/Pois      #...         77%         1
 Summon Small Mammal      Summ           #...         77%         1
 Blink                    Tloc           N/A          88%         2
 Call Imp                 Summ           #.......     88%         2
 Corpse Rot               Necr/Air       N/A          88%         2
 Ensorcelled Hibernation  Hex/Ice        #.....       88%         2
 Poisonous Vapours        Pois/Air       #.....       88%         2
 Slow                     Hex            #.......     88%         2
 Swiftness                Air            #.......     88%         2
 Call Canine Familiar     Summ           #.......     98%         3
 Confusing Touch          Hex            #.......     98%         3
 Conjure Flame            Conj/Fire      #.......     98%         3
 Dazzling Flash           Conj/Hex       #.....       98%         3
 Frozen Ramparts          Ice            #.....       98%         3
 Gell's Gravitas          Tloc           #.........   98%         3
 Ignite Poison            Fire/Tmut/Pois #.......     98%         3
 Inner Flame              Hex/Fire       #.......     98%         3
 Mephitic Cloud           Conj/Pois/Air  #.......     98%         3
 Ozocubu's Armour         Ice            #.......     98%         3
 Portal Projectile        Hex/Tloc       #.....       98%         3
 Static Discharge         Conj/Air       #.......     98%         3
 Stone Arrow              Conj/Erth      #.....       98%         3
 Summon Guardian Golem    Hex/Summ       #.......     98%         3
 Tukima's Dance           Hex            #.......     98%         3
 Airstrike                Air            #.........   100%        4
 Hailstorm                Conj/Ice       #.......     100%        4
 Olgreb's Toxic Radiance  Pois           #.......     100%        4
 Petrify                  Tmut/Erth      #.......     100%        4
 Sticky Flame             Conj/Fire      #.......     100%        4
 Summon Ice Beast         Ice/Summ       #.......     100%        4
 Summon Lightning Spire   Summ/Air       #.......     100%        4
 Fireball                 Conj/Fire      #.........   100%        5
 Lightning Bolt           Conj/Air       #.........   100%        5
 Metabolic Englaciation   Hex/Ice        #.........   100%        5
 Summon Forest            Summ/Tloc      #.........   100%        5
 Yara's Violent Unravell  Hex/Tmut       #.........   100%        5
 Dispersal                Tloc           #.........   100%        6
 Eringya's Noxious Bog    Tmut/Pois      #.........   100%        6
 Freezing Cloud           Conj/Ice/Air   #.........   100%        6
 Hydra Form               Tmut           #.........   100%        6
 Summon Hydra             Summ           #.........   100%        7
 Disjunction              Tloc           #.........   100%        8


Dungeon Overview and Level Annotations

Branches:
Dungeon (15/15)            Temple (0/1) D:7            Lair (6/6) D:9
 Shoals (4/4) Lair:2        Snake (4/4) Lair:3        Slime (0/5) Lair:6
    Orc (2/2) D:9             Elf (1/3) Orc:2        Vaults (1/5) D:14
 Depths (0/5) D:15         Bailey (visited)           IceCv (visited)

Altars:
Dithmenos
Fedhas
Hepliaklqana
Kikubaaqudgha
Okawaru
Ru
Wu Jian
Beogh
Jiyva

Shops:
D:6 =   D:7 *   D:10 *   D:13 }*   D:14 *   Orc:2 (=[*   Shoals:2 !
Snake:2 ?*

Annotations:
D:11 2 transporters, Igrirum's ghost, novice HOFi
Lair:1 exclusion: oklob plant
Lair:6 2 transporters, exclusion: oklob plant, PanSaczeczos's ghost, journeyman DECj


Innate Abilities, Weirdness & Mutations

You reflexively headbutt those who attack you in melee.
You have a pair of horns on your head.
Your flesh is cold resistant. (rC+)
Your magical capacity is low. (-10% MP)
Your spells are a little harder to cast, but a little more powerful.


Message History

The freezing wraith drains your vigour!
You feel as though you will be slow longer.
The freezing wraith hits you but does no damage. x2
The great orb of eyes gazes at you. You resist with almost no effort.
The wizard casts a spell at you.
The stone arrow hits you but does no damage.
The stone giant hits you!
* * * LOW HITPOINT WARNING * * *
The ogre mage hits you but does no damage.
The freezing wraith hits you but does no damage.
The freezing wraith hits you.
* * * LOW HITPOINT WARNING * * *
The freezing wraith hits you but does no damage. x2
The wizard gestures at you while chanting.
The stone arrow hits you!
* * * LOW HITPOINT WARNING * * *
The great orb of eyes bites you but does no damage.
The stone giant hits you!!
You die... ####### #W@Gp.# #pWCp.#

.'ppO..#
#..'.....#
#..#.....#
#..#.....#
#. #######
#.


You could see a stone giant, a great orb of eyes (strong), an ogre mage, a vault
sentinel (strong, catching breath), 2 ironbrand convokers, 2 freezing wraiths
and 2 wizards.

Vanquished Creatures
  Saint Roka (Orc:2)
  Rupert (Lair:4)
  A kraken (Shoals:4)
  Kirke (D:13)
  Ilsuiw (Shoals:2)
  5 nagarajas
  A frost giant (Vaults:2)
  2 orc warlords
  A vault warden (Vaults:2)
  Aizul (Snake:1)
  2 stone giants (Vaults:2)
  An ironheart preserver (Vaults:2)
  Nessos (Lair:4)
  A deep elf annihilator (Vaults:2)
  2 deep elf demonologists
  9 merfolk impalers
  A fire dragon (Vaults:2)
  8 merfolk javelineers
  A yaktaur captain (Vaults:2)
  2 ice dragons (Vaults:2)
  2 rakshasas
  17 naga warriors
  3 vault guards (Vaults:2)
  4 hydras
  4 catoblepae
  8 centaur warriors
  An alligator snapping turtle (Shoals:3)
  6 merfolk avatars
  19 anacondas
  3 satyrs
  9 merfolk aquamancers
  2 dancing weapons (Elf:1)
  Erica (D:8)
  An ogre mage (D:15)
  12 two-headed ogres
  4 orc high priests
  12 death yaks (Lair:6)
  2 alligators (Shoals:3)
  11 shock serpents
  5 naga sharpshooters
  A hell knight (Vaults:2)
  4 thrashing horrors (Abyss:3)
  A soul eater (Abyss:3)
  A deep elf knight (Vaults:2)
  A salamander mystic (Snake:4)
  4 skeletal warriors (Vaults:2)
  12 sea snakes
  A kraken simulacrum (Shoals:4)
  A glowing orange brain (Vaults:3)
  An unseen horror (D:10)
  4 starcursed masses (Abyss:3)
  A deep elf archer (Vaults:2)
  9 naga ritualists
  7 orc knights
  3 ironbrand convokers (Vaults:2)
  2 wizards
  10 harpies
  2 necromancers
  2 wolf spider zombies (D:13)
  12 deep elf magi
  9 mana vipers
  7 ugly things
  11 orc sorcerers
  13 fauns
  10 salamanders
  A worldbinder (Abyss:3)
  7 cyclopes
  17 manticores
  40 black mambas
  5 guardian serpents
  3 elephants (Lair:4)
  14 merfolk sirens
  A vault sentinel (Vaults:2)
  2 apocalypse crabs (Abyss:3)
  3 ice statues (IceCv)
  A torpor snail (Lair:5)
  A dire elephant zombie (Abyss:3)
  A gargoyle (D:11)
  14 naga magi
  2 water nymphs (Shoals:4)
  A frost giant skeleton (Abyss:3)
  2 rust devils (Abyss:3)
  A torpor snail (shapeshifter) (D:14)
  3 smoke demons (Abyss:3)
  A centaur skeleton (D:13)
  A titan simulacrum (Abyss:3)
  3 yaktaurs (Vaults:2)
  7 rime drakes
  A komodo dragon (shapeshifter) (D:14)
  An efreet (Abyss:3)
  10 cane toads
  2 kobold demonologists (D:15)
  2 ancient zymes (Abyss:3)
  A freezing wraith (Abyss:3)
  A queen bee (D:12)
  6 komodo dragons
  20 merfolk
  3 meliai (D:12)
  3 polar bears
  11 trolls
  3 wind drakes
  Grinder (D:6)
  4 slime creatures (D:13)
  A hornet (D:12)
  4 blink frogs (Abyss:3)
  20 hippogriffs
  8 snapping turtles
  An alligator zombie (Abyss:3)
  2 air elementals
  A vampire (D:13)
  A tarantella (shapeshifter) (D:14)
  A shadow (D:13)
  20 water elementals
  A ynoxinul (Abyss:3)
  40 yaks
  17 wyverns
  7 basilisks
  14 vampire mosquitoes
  3 insubstantial wisps (Abyss:3)
  A swamp worm (D:8)
  37 nagas
  2 soldier ants
  4 wargs
  A hell hound (Lair:4)
  19 water moccasins
  3 large abominations (Abyss:3)
  51 orc warriors
  13 ice beasts
  12 porcupines
  Duvessa (D:5)
  7 sky beasts
  A necrophage (D:7)
  3 eyes of draining
  12 ogres
  A black bear (D:6)
  12 wolves
  10 centaurs
  6 phantoms
  13 crocodiles
  A swamp dragon skeleton (Abyss:3)
  3 big kobolds
  15 bullfrogs
  An earth elemental (Elf:1)
  Dowan (D:5)
  2 small abominations (Abyss:3)
  26 killer bees
  24 wights
  3 electric eels
  8 howler monkeys
  4 centaur zombies
  2 bullfrog zombies (D:9)
  2 quasits
  3 jellies
  37 orc priests
  3 hounds
  30 orc wizards
  Crazy Yiuf (D:3)
  2 iguanas
  Jessica (D:2)
  12 worker ants
  3 hound skeletons
  A worker ant zombie (D:10)
  A howler monkey skeleton (D:5)
  3 gnolls (D:7)
  18 adders
  2 shadow imps
  4 white imps
  2 worms
  2 dart slugs
  6 leopard geckos
  124 orcs
  10 bats
  6 giant cockroaches
  11 goblins
  10 hobgoblins
  11 jackals
  5 quokkas
  3 ball pythons
  7 frilled lizards
  17 kobolds
  7 rats
  3 tentacles (Shoals:4)
1285 creatures vanquished.

Vanquished Creatures (others)
  A wizard (Vaults:2)
  A water elemental (Shoals:4)
  6 humans (D:13)
  A scorpion (D:13)
  4 wights
  An orc priest (Orc:1)
  An orc wizard (D:4)
  20 fungi
  103 plants
  6 tentacles (Shoals:4)
144 creatures vanquished.

Grand Total: 1429 creatures vanquished

Notes
Turn   | Place    | Note
-------+----------+-------------------------------------------
     0 | D:1      | raph the Minotaur Gladiator began the quest for the Orb.
     0 | D:1      | Reached XP level 1. HP: 18/18 MP: 0/0
   185 | D:1      | Reached XP level 2. HP: 25/25 MP: 1/1
   629 | D:1      | Reached skill level 5 in Maces & Flails
   716 | D:2      | Reached XP level 3. HP: 19/30 MP: 2/2
  1287 | D:2      | Reached XP level 4. HP: 33/37 MP: 3/3
  1620 | D:2      | Reached skill level 1 in Armour
  1950 | D:2      | Noticed Jessica
  1963 | D:2      | Killed Jessica
  1963 | D:2      | Reached XP level 5. HP: 39/42 MP: 4/4
  2671 | D:3      | Found a runed translucent door.
  2672 | D:3      | Noticed Crazy Yiuf
  2682 | D:3      | Killed Crazy Yiuf
  3186 | D:4      | Noticed a phantom
  3186 | D:4      | Noticed an ice beast
  3239 | D:4      | Reached XP level 6. HP: 45/50 MP: 5/5
  3605 | D:4      | Noticed an orc warrior
  3626 | D:5      | Entered Level 5 of the Dungeon
  3641 | D:5      | Noticed a sky beast
  3649 | D:5      | Killed a sky beast
  3649 | D:5      | Reached XP level 7. HP: 56/56 MP: 6/6
  3664 | D:5      | Got a translucent turquoise ring
  3709 | D:5      | Identified the ring of the Devil {rElec rC+ rN+ Str+3
                  | Slay-4} (You found it on level 5 of the Dungeon)
  4127 | D:5      | Noticed Duvessa
  4138 | D:5      | Killed Duvessa
  4138 | D:5      | Noticed Dowan
  4158 | D:5      | Killed Dowan
  4381 | D:5      | Reached skill level 5 in Armour
  4452 | D:5      | Reached skill level 10 in Maces & Flails
  4659 | D:5      | Reached XP level 8. HP: 57/62 MP: 7/7
  5200 | D:4      | Found a roughly hewn altar of Beogh.
  5475 | D:6      | Found Aruaseh's Jewellery Shoppe.
  5575 | D:6      | HP: 1/62 [orc warrior/+0 glaive (18)]
  5583 | D:6      | Reached skill level 1 in Stealth
  5842 | D:6      | Reached XP level 9. HP: 64/68 MP: 8/8
  5986 | D:6      | Found a sacrificial altar of Ru.
  5989 | D:6      | Found a blossoming altar of Fedhas.
  5991 | D:6      | Found an iron altar of Okawaru.
  6179 | D:6      | Became a worshipper of Warmaster Okawaru
  6431 | D:6      | Noticed Grinder
  6431 | D:6      | Paralysed by Grinder for 5 turns
  6442 | D:6      | Killed Grinder
  6611 | D:6      | Identified a scroll of acquirement
  6611 | D:6      | Acquired a manual of Dodging
  6978 | D:7      | Found a staircase to the Ecumenical Temple.
  7154 | D:7      | Reached * piety under Okawaru
  7431 | D:7      | Reached skill level 5 in Dodging
  7818 | D:7      | Found Obizotz's General Store.
  7953 | D:8      | Found a hazy altar of Hepliaklqana.
  8201 | D:8      | Reached skill level 1 in Shields
  8307 | D:8      | Reached XP level 10. HP: 67/74 MP: 9/9
  8308 | D:8      | Reached skill level 1 in Invocations
  8312 | D:8      | Reached skill level 2 in Shields
  8359 | D:8      | Reached ** piety under Okawaru
  8614 | D:8      | Found a shadowy altar of Dithmenos.
  8791 | D:8      | Noticed Erica
  8801 | D:8      | Killed Erica
  8801 | D:8      | Reached skill level 3 in Shields
  8916 | D:8      | Reached skill level 4 in Shields
  9045 | D:9      | Found an ancient bone altar of Kikubaaqudgha.
  9109 | D:9      | Noticed a two-headed ogre
  9120 | D:9      | Killed a two-headed ogre
  9120 | D:9      | Reached *** piety under Okawaru
  9120 | D:9      | Reached skill level 5 in Shields
  9223 | D:9      | Found a staircase to the Orcish Mines.
  9481 | D:9      | Found a roughly hewn altar of Beogh.
  9502 | D:9      | Reached skill level 5 in Fighting
  9579 | D:9      | Reached skill level 6 in Shields
  9898 | D:9      | Reached **** piety under Okawaru
  9930 | D:9      | Found a staircase to the Lair.
 10320 | Lair:1   | Entered Level 1 of the Lair of Beasts
 10320 | Lair:1   | Noticed a cane toad
 10320 | Lair:1   | Noticed a cane toad
 10327 | Lair:1   | Killed a cane toad
 10333 | Lair:1   | Killed a cane toad
 10333 | Lair:1   | Reached skill level 7 in Shields
 10333 | Lair:1   | Reached XP level 11. HP: 88/88 MP: 10/13
 11863 | Lair:1   | Noticed an oklob plant
 12032 | Lair:1   | Learned a level 1 spell: Apportation
 12571 | Lair:2   | Reached skill level 8 in Shields
 12715 | Lair:2   | Reached ***** piety under Okawaru
 12720 | Lair:2   | Reached skill level 5 in Invocations
 12726 | Lair:2   | Reached skill level 10 in Dodging
 12785 | Lair:2   | Found a staircase to the Shoals.
 12894 | Lair:2   | Reached skill level 9 in Shields
 13193 | Lair:2   | Received a gift from Okawaru
 13806 | Lair:3   | Reached skill level 10 in Shields
 13814 | Lair:3   | Noticed a six-headed hydra
 13819 | Lair:3   | Killed a six-headed hydra
 14033 | Lair:3   | Reached XP level 12. HP: 80/100 MP: 9/15
 14669 | Lair:3   | Found a staircase to the Snake Pit.
 14909 | Lair:4   | Noticed Rupert
 14956 | Lair:4   | Killed Rupert
 14956 | Lair:4   | Received a gift from Okawaru
 14956 | Lair:4   | Reached skill level 11 in Shields
 15293 | Lair:4   | Found a frozen archway.
 15299 | Lair:4   | Reached skill level 1 in Crossbows
 15355 | IceCv    | Entered an ice cave
 15586 | IceCv    | Reached skill level 12 in Shields
 15930 | IceCv    | Got warped ice dragon scales
 16105 | Lair:4   | Identified the cursed +0 ice dragon scales of Circular
                  | Logic {-Cast Harm rElec rF- rC++ Stlth+} (You found it in
                  | an ice cave)
 16245 | D:7      | Bought a scroll of identify for 24 gold pieces
 16245 | D:7      | Bought a scroll of remove curse for 36 gold pieces
 16245 | D:7      | Bought a scroll of remove curse for 36 gold pieces
 16481 | Lair:4   | Received a gift from Okawaru
 16506 | Lair:4   | Received a gift from Okawaru
 16528 | Lair:4   | Noticed an eight-headed hydra
 16538 | Lair:4   | Reached XP level 13. HP: 93/110 MP: 9/17
 16874 | Lair:4   | Reached skill level 13 in Shields
 17112 | Lair:4   | Got a bronze scale mail
 17123 | Lair:4   | Identified the +3 scale mail of Qazlal's Displeasure
                  | {Dex+5} (You found it on level 4 of the Lair of Beasts)
 17245 | Lair:4   | Received a gift from Okawaru
 17409 | Lair:4   | Reached skill level 10 in Fighting
 17460 | Lair:4   | Noticed Nessos
 17486 | Lair:4   | Killed Nessos
 18702 | Lair:5   | Found a runed translucent door.
 18821 | Lair:5   | Found the +7 captain's cutlass {speed, disarm}
 18872 | Lair:6   | Entered Level 6 of the Lair of Beasts
 19021 | Orc:1    | Entered Level 1 of the Orcish Mines
 19122 | Orc:2    | Entered Level 2 of the Orcish Mines
 19123 | Orc:2    | Found a staircase to the Elven Halls.
 19134 | Orc:2    | Noticed Saint Roka
 19142 | Orc:2    | Reached skill level 5 in Crossbows
 19148 | Orc:2    | Paralysed by an orc sorcerer for 3 turns
 19473 | Orc:2    | Noticed an orc warlord
 19483 | Orc:1    | Noticed an orc warlord
 19540 | Orc:1    | Paralysed by an orc sorcerer for 2 turns
 20068 | Orc:2    | HP: 4/114 [orc priest/divine providence (17)]
 20465 | Orc:2    | Reached skill level 14 in Shields
 22075 | Orc:2    | Killed an orc warlord
 22075 | Orc:2    | Received a gift from Okawaru
 22075 | Orc:2    | Reached XP level 14. HP: 87/122 MP: 12/19
 22742 | Orc:2    | Killed Saint Roka
 23502 | Orc:2    | Found Seskoj's General Store.
 23503 | Orc:2    | Found Xenusyg's Jewellery Emporium.
 23504 | Orc:2    | Found Julep's Antique Armour Emporium.
 23504 | Orc:2    | Found Headgh's Antique Weapon Shoppe.
 23521 | Orc:2    | Bought the ring "Tymugig" {+Blink rPois SInv} for 431 gold
                  | pieces
 23524 | Orc:2    | Bought a +4 ring of protection for 468 gold pieces
 23527 | Orc:2    | Bought a potion of might for 64 gold pieces
 23712 | Orc:1    | Reached skill level 15 in Shields
 24010 | Orc:1    | Killed an orc warlord
 24490 | D:10     | Entered Level 10 of the Dungeon
 24490 | D:10     | Found Wejiosed's General Store.
 24502 | D:10     | Bought 2 potions of heal wounds for 140 gold pieces
 24642 | D:10     | Acquired the +3 hat of the Evening Star {*Drain rElec rCorr
                  | Int+4}
 24681 | D:10     | Received a gift from Okawaru
 25349 | D:11     | Reached skill level 15 in Dodging
 25388 | D:11     | Found a transporter.
 25388 | D:11     | Noticed Igrirum's ghost (novice HOFi)
 25390 | D:11     | Identified the +8 great mace "Pirau" {vorpal, rN+}
 25390 | D:11     | Identified the +7 dire flail "Vetiol Byet" {drain, rElec
                  | Str+3}
 25393 | D:11     | Found a transporter.
 25469 | D:11     | Found an ornate altar of the Wu Jian Council.
 25830 | D:11     | Found a shadowy altar of Dithmenos.
 26694 | D:12     | Reached skill level 16 in Shields
 27693 | D:13     | Noticed Kirke
 27718 | D:13     | Killed Kirke
 27863 | D:13     | Found Zyiluom's Gadget Emporium.
 27876 | D:13     | Reached XP level 15. HP: 128/128 MP: 20/20
 27881 | D:13     | Bought a box of beasts (3/3) for 260 gold pieces
 27912 | D:13     | Found Isavoexa's Armour Shop.
 27966 | D:13     | Found a flagged portal.
 27980 | Bailey   | Entered a bailey
 28112 | Bailey   | Reached skill level 17 in Shields
 28112 | Bailey   | Reached XP level 16. HP: 136/136 MP: 21/21
 28812 | D:13     | Found Samih's Assorted Antiques.
 28817 | D:13     | Bought a scroll of blinking for 277 gold pieces
 29022 | D:14     | Found Niowkeq's Assorted Antiques.
 29032 | D:14     | Bought a scroll labeled ZORARE NUETTO for 28 gold pieces
 29032 | D:14     | Bought a scroll of magic mapping for 98 gold pieces
 29099 | D:14     | Received a gift from Okawaru
 29521 | D:14     | Found a gate to the Vaults.
 29735 | D:15     | Entered Level 15 of the Dungeon
 29823 | D:15     | Received a gift from Okawaru
 29999 | D:15     | Found a staircase to the Depths.
 30015 | D:15     | Reached skill level 10 in Crossbows
 30337 | D:15     | Reached skill level 18 in Shields
 30696 | Shoals:1 | Entered Level 1 of the Shoals
 30842 | Shoals:1 | Received a gift from Okawaru
 31347 | Shoals:1 | Received a gift from Okawaru
 31564 | Shoals:2 | Found Toekapipnu's Distillery.
 31832 | Shoals:2 | Reached skill level 5 in Evocations
 32293 | Shoals:2 | Noticed Ilsuiw
 32322 | Shoals:2 | Killed Ilsuiw
 32844 | Shoals:3 | Received a gift from Okawaru
 33198 | Shoals:3 | Reached XP level 17. HP: 144/144 MP: 22/22
 33372 | Shoals:3 | Received a gift from Okawaru
 33861 | Snake:1  | Entered Level 1 of the Snake Pit
 34399 | Snake:1  | Noticed Aizul
 34425 | Snake:1  | Killed Aizul
 34425 | Snake:1  | Reached skill level 19 in Shields
 34635 | Snake:1  | Received a gift from Okawaru
 34935 | Snake:1  | Received a gift from Okawaru
 35036 | Snake:1  | You fall into a shaft and drop 1 floor!
 36020 | Snake:2  | Received a gift from Okawaru
 36422 | Snake:2  | Received a gift from Okawaru
 36639 | Snake:2  | Found Cupturph's Magic Scroll Shoppe.
 36645 | Snake:2  | Found Fuaxzibb's Assorted Antiques.
 36647 | Snake:2  | Bought a scroll of enchant weapon for 105 gold pieces
 38185 | Snake:3  | Reached skill level 20 in Shields
 38282 | Snake:3  | Reached ****** piety under Okawaru
 38351 | Snake:3  | Received a gift from Okawaru
 38908 | Snake:3  | Reached XP level 18. HP: 117/156 MP: 23/23
 39265 | Snake:3  | Reached skill level 21 in Shields
 39810 | Lair:6   | Received a gift from Okawaru
 39830 | Lair:6   | Found a transporter.
 39834 | Lair:6   | Found a transporter.
 39834 | Lair:6   | Noticed PanSaczeczos's ghost (journeyman DECj)
 39922 | Lair:6   | Found a viscous altar of Jiyva.
 39923 | Lair:6   | Found a staircase to the Slime Pits.
 40200 | Lair:6   | Received a gift from Okawaru
 40712 | Lair:6   | Reached skill level 22 in Shields
 41202 | Shoals:4 | Entered Level 4 of the Shoals
 41344 | Shoals:4 | Got a coiled wooden ring
 41345 | Shoals:4 | Identified the ring of Peinlidir {rF+ rC++ MR+ Stlth+} (You
                  | found it on level 4 of the Shoals)
 41781 | Shoals:4 | Got a barnacled rune of Zot
 41983 | Shoals:4 | Identified the ring "Vughacoq" {*Contam rElec rC+ Dex+6}
 41987 | Shoals:4 | Identified the +5 kite shield of Xom's Condemnation {rElec
                  | MR- Str+5}
 42464 | Shoals:4 | Received a gift from Okawaru
 42911 | Shoals:4 | Reached skill level 23 in Shields
 43384 | Shoals:4 | Received a gift from Okawaru
 44221 | Shoals:4 | Identified the ring of Esanaur {rElec MP+9 Dex+6}
 45754 | Snake:4  | Entered Level 4 of the Snake Pit
 45781 | Snake:3  | Received a gift from Okawaru
 46041 | Snake:4  | Reached XP level 19. HP: 159/162 MP: 24/24
 46068 | Snake:4  | Reached skill level 24 in Shields
 47204 | Elf:1    | Entered Level 1 of the Elven Halls
 47240 | Elf:1    | Got a bronze scale mail
 47254 | Elf:1    | Identified the +2 scale mail of the Oily Alphagorgon
                  | {Int+2} (You found it on level 1 of the Elven Halls)
 47453 | Elf:1    | Cast into level 3 of the Abyss (+1 trident of distortion)
 47453 | Abyss:3  | Found a corrupted altar of Lugonu.
 47501 | Abyss:3  | Found a corrupted altar of Lugonu.
 47512 | Abyss:3  | Noticed a bone dragon
 47589 | Abyss:3  | Gained mutation: Your body sometimes deteriorates upon
                  | taking damage. [a cacodemon]
 47622 | Abyss:3  | Gained mutation: Your spells are much easier to cast, but
                  | much less powerful. [a neqoxec]
 47837 | Abyss:3  | Reached skill level 25 in Shields
 47892 | Abyss:3  | Lost mutation: Your spells are a little easier to cast, but
                  | a little less powerful. [potion of mutation]
 47892 | Abyss:3  | Lost mutation: Your body sometimes deteriorates upon taking
                  | damage. [potion of mutation]
 47892 | Abyss:3  | Gained mutation: Your body sometimes deteriorates upon
                  | taking damage. [potion of mutation]
 47892 | Abyss:3  | Gained mutation: Your movements are slightly less
                  | encumbered by armour. (ER -2) [potion of mutation]
 47892 | Abyss:3  | Gained mutation: You have a pair of large horns on your
                  | head. [potion of mutation]
 48244 | Abyss:3  | Received a gift from Okawaru
 48247 | Abyss:3  | Got a brightly glowing ring mail {god gift}
 48375 | Elf:1    | Escaped the Abyss
 49082 | Snake:3  | Got a fine ring mail {god gift}
 49093 | Snake:3  | Identified the +5 ring mail of the Sailor {Rampage Str+4
                  | Int-4 Dex+6} (Okawaru gifted it to you on level 3 of the
                  | Snake Pit)
 49093 | Snake:3  | Lost intelligence.
 49107 | Snake:3  | Identified the +1 ring mail of Gestures {rElec} (Okawaru
                  | gifted it to you on level 3 of the Abyss)
 49281 | Orc:2    | Bought a +2 plate armour of fire resistance for 640 gold
                  | pieces
 49297 | Orc:2    | Lost mutation: Your movements are slightly less encumbered
                  | by armour. (ER -2) [potion of mutation]
 49297 | Orc:2    | Lost mutation: You have a pair of large horns on your head.
                  | [potion of mutation]
 49297 | Orc:2    | Lost mutation: Your body sometimes deteriorates upon taking
                  | damage. [potion of mutation]
 49297 | Orc:2    | Gained mutation: Your magical capacity is low. (-10% MP)
                  | [potion of mutation]
 49297 | Orc:2    | Gained mutation: Your spells are a little harder to cast,
                  | but a little more powerful. [potion of mutation]
 49297 | Orc:2    | Gained mutation: Your flesh is cold resistant. (rC+)
                  | [potion of mutation]
 49469 | Vaults:1 | Entered Level 1 of the Vaults
 49513 | Vaults:1 | You fall into a shaft and drop 1 floor!
 50134 | Vaults:2 | Reached skill level 10 in Armour
 50136 | Vaults:2 | Reached skill level 15 in Maces & Flails
 50604 | Vaults:2 | You fall into a shaft and drop 1 floor!
 50615 | Vaults:3 | Paralysed by a great orb of eyes for 7 turns
 50621 | Vaults:3 | Slain by a stone giant

Illustrated notes

Levels and vault maps discovered:
D:1:      minmay_arrival_jagged, layout_loops_ring, minmay_domino_4
D:2:      kennysheep_six_static_rooms, layout_basic, st_stairs_11, uniq_jessica
D:3:      layout_rooms, uniq_crazy_yiuf_cottage
D:4:      layout_rooms, kennysheep_orc_chapel
D:5:      layout_basic, uniq_duvessa
D:6:      layout_basic, grunt_temple_overflow_open, serial_shops, shop,
          uniq_grinder
D:7:      layout_basic, minmay_temple_entry_slanted, serial_shops, shop,
          palyth_stone_intersect
D:8:      layout_loops_ring, kennysheep_mini, old_standard_altar, worms_lemuel,
          uniq_erica
D:9:      layout_loops_cross, lemuel_crystal_altar,
          grunt_lair_entry_orc_guard_hut, minmay_orc_entry_temple_small
D:10:     layout_rooms, serial_shops, shop_fountains, kennysheep_donut
D:11:     layout_rooms, gammafunk_ghost_smash, kennysheep_flooded_box,
          nicolae_dithmenos_the_darkroom
D:12:     layout_roguey [special_room_bee]
D:13:     layout_roguey, enter_bailey_2, serial_shops, shop,
          kennysheep_little_box, nicolae_shop_statue_plus,
          minmay_quadrilaterals, uniq_kirke
D:14:     layout_rooms, david_vaults_2, serial_shops, shop, minivault_27
D:15:     grunt_enter_depths_magical_seal, layout_rooms, grunt_decor_arrowhead
Lair:1:   layout_gridlike, serial_bayou, serial_bayou_shore_a,
          serial_bayou_pond_b, serial_bayou_lake_a, serial_bayou_pond_b,
          small_statue_intersection, minmay_lair_oklob_chamber,
          grunt_megastairs_1
Lair:2:   layout_roguey, elwin_shoals_entry_stream,
          chequers_serial_rivers_micro_e
Lair:3:   layout_concentric_octagons, guppyfry_snake_entry_garden,
          infiniplex_staircase_pool_2
Lair:4:   layout_roguey [special_room_mythical_zoo],
          portal_ice_cave_entry_animals_and_master, lemuel_fruit_tree,
          uniq_rupert, uniq_nessos
Lair:5:   layout_cave_pods, pf_torpor_hydra
Lair:6:   evilmike_catoblepas_cave, layout_regular_city,
          dpeg_slime_entry_enclosed_altar, gammafunk_ghost_arena
Shoals:1: layout_shoals
Shoals:2: layout_shoals, serial_shops, nicolae_shop_trees, uniq_ilsuiw
Shoals:3: cheibrodos_shoals_baths, layout_shoals,
          nicolae_shoals_siren_and_animal_friends
Shoals:4: shoals_end_grunt_ice, layout_shoals,
          nicolae_shoals_stone_sculpture_thing, hangedman_shoals_cup_caves
Snake:1:  minmay_snake_river, layout_grid_shapes, nicolae_snake_squiggles,
          uniq_aizul
Snake:2:  layout_onion, minmay_shoptagon, grunt_megastairs_3
Snake:3:  layout_gridlike, drop_trap, grunt_ministairs_9, st_stairs_1,
          grunt_megastairs_2
Snake:4:  johnstein_snake_rune_scales, layout_onion_interference
Orc:1:    layout_diamond_mine
Orc:2:    st_orc_congregation, layout_diamond_mine, enter_volcano_1,
          uniq_saint_roka
Elf:1:    layout_gridlike, portal_desolation_entry_holy_temple,
          minmay_elf_demonology
Vaults:1: v_alt_pattern_6, v_misc_8, v_misc_29, vaults_room_pool,
          nicolae_vaults_little_squares_3, vaults_dpeg_ring,
          nicolae_vaults_statue_guard, layout_vaults_quadrants, serial_shops,
          shop
Vaults:2: vaults_standard_mumra_lines, vaults_room_grid,
          nicolae_vaults_three_branches, nicolae_vaults_an_arrangement,
          v_misc_29, hangedman_vaults_cutoff, hangedman_vaults_trim,
          hangedman_vaults_stretched_pinwheel, ontoclasm_vaults_bender,
          nicolae_vaults_circle_grid_a, nicolae_vaults_big_angled_halls,
          hangedman_vaults_restitches, nicolae_vaults_circle_grid_b,
          vaults_room_grid, layout_vaults_omnibox, serial_shops,
          nicolae_shop_statue_plus, uniq_margery
Vaults:3: ontoclasm_vaults_shuriken, ontoclasm_vaults_claustrophobia,
          vaults_mumra_hex, nicolae_vaults_murderbox, hangedman_vaults_nails,
          dpeg_vaults_monster_box, v_rooms_4, nicolae_vaults_what_the_h,
          hangedman_vaults_nodes, nicolae_vaults_theta, nicolae_vaults_theta,
          hangedman_vaults_impose, vaults_mumra_chevron,
          nicolae_vaults_little_squares_6, layout_vaults_maze_bifur

Skill      XL: |  1  2  3  4  5  6  7  8  9 10 11 12 13 14 15 16 17 18 19 |
---------------+----------------------------------------------------------+-----
Maces & Flails | 4 5 6 7 8 10 12 14 15 | 15.0
Armour         | 2 3 4 5 7 9 10 | 10.1
Stealth        | 1 3 |  3.9
Dodging        | 6 8 11 12 14 15 16 | 16.7
Shields        | 1 7 10 12 14 16 17 18 20 23 25 | 25.0
Invocations    | 4 6 7 8 9 |  9.0
Fighting       | 5 7 9 10 11 12 13 | 13.9
Crossbows      | 3 6 8 9 10 | 10.0
Evocations     | 2 5 7 |  7.1
Throwing       | |  2.0

Action                   |  1- 3 |  4- 6 |  7- 9 | 10-12 | 13-15 | 16-18 | 19-21 || total
-------------------------+-------+-------+-------+-------+-------+-------+-------++-------
Melee: Flail             |    49 |   149 |    53 |       |       |       |       ||   251
       Headbutt          |    12 |    28 |    64 |   169 |   340 |   621 |   260 ||  1494
       Whip              |    29 |       |       |       |       |       |       ||    29
       Morningstar       |       |       |   275 |   648 |  1104 |  1943 |   754 ||  4724
 Fire: Hand crossbow     |       |       |       |       |    94 |   377 |    14 ||   485
Throw: Throwing net      |       |     1 |     4 |       |       |       |       ||     5
       Javelin           |       |       |     4 |     3 |       |       |       ||     7
 Cast: Apportation       |       |       |       |       |       |     3 |       ||     3
Invok: Heroism           |       |       |     1 |    11 |    15 |    11 |    11 ||    49
       Finesse           |       |       |       |     5 |    10 |     2 |     3 ||    20
 Abil: Evoke Blink       |       |       |       |       |       |    10 |     5 ||    15
Evoke: Wand              |       |       |       |       |     2 |       |     3 ||     5
       Box of beasts     |       |       |       |       |       |     1 |       ||     1
  Use: Scroll            |     8 |       |    14 |    10 |    12 |    16 |     4 ||    64
       Potion            |       |     1 |     2 |       |     5 |     3 |    16 ||    27
 Stab: Sleeping          |       |       |     1 |       |     1 |     3 |     1 ||     6
       Petrified         |       |       |       |       |     8 |       |       ||     8
       Distracted        |       |       |       |       |       |     2 |     2 ||     4
       Invisible         |       |       |       |       |       |       |     1 ||     1
       Paralysed         |       |       |       |       |       |       |     1 ||     1
Armor: Leather armour    |    19 |       |       |       |       |       |       ||    19
       Ring mail         |    13 |    25 |    82 |    34 |       |       |       ||   154
       Scale mail        |       |    35 |    25 |       |   116 |   289 |    92 ||   557
       Plate armour      |       |       |       |   132 |    46 |       |    51 ||   229
       Ice dragon scales |       |       |       |       |       |       |    27 ||    27
Dodge: Dodged            |    55 |    72 |   157 |   194 |   324 |   939 |   361 ||  2102
Block: Tower shield      |       |       |    16 |   529 |  1156 |  2644 |  1260 ||  5605
       Reflection        |       |       |       |       |    41 |    77 |    54 ||   172

Table legend: (Time is in decaauts)
 A = Elapsed time spent in this place.
 B = Non-inter-level travel time spent in this place.
 C = Inter-level travel time spent in this place.
 D = Time resting spent in this place.
 E = Time spent auto-exploring this place.
 F = Levels seen in this place.
 G = Mean time per level.
                   A        B        C        D        E       F      G
               +--------+--------+--------+--------+--------+-----+--------+
         Total |  50162 |  47324 |   2838 |  19020 |  17787 |  38 | 1320.1 |
       Dungeon |  16264 |  15316 |    948 |   4593 |   7688 |  15 | 1084.3 |
          Lair |   9946 |   8992 |    954 |   3446 |   3895 |   6 | 1657.7 |
        Shoals |   7843 |   7588 |    255 |   2850 |   2685 |   4 | 1960.8 |
     Snake Pit |   6733 |   6413 |    320 |   2586 |   2400 |   4 | 1683.2 |
  Orcish Mines |   6053 |   5694 |    359 |   3745 |    968 |   2 | 3026.5 |
   Elven Halls |    266 |    266 |      0 |     25 |     52 |   1 |  266.0 |
        Vaults |   1090 |   1090 |      0 |    656 |     98 |   3 |  363.3 |
         Abyss |    817 |    817 |      0 |    409 |      0 |   1 |  817.0 |
        Bailey |    439 |    439 |      0 |    193 |      0 |   1 |  439.0 |
      Ice Cave |    707 |    707 |      0 |    515 |      0 |   1 |  707.0 |
               +--------+--------+--------+--------+--------+-----+--------+

Top non-repeatable levels by time:
Shoals:4: 4137 daAuts
   Orc:2: 3186 daAuts
   Orc:1: 2867 daAuts
  Lair:1: 2399 daAuts
 Snake:2: 2372 daAuts
  Lair:3: 2150 daAuts
 Snake:3: 2055 daAuts
     D:2: 1880 daAuts
  Lair:4: 1787 daAuts
 Snake:1: 1531 daAuts
    D:12: 1524 daAuts
     D:9: 1485 daAuts
     D:5: 1449 daAuts
Shoals:3: 1410 daAuts
     D:6: 1390 daAuts
